[Event "January 2 Early 2024"]
[Site "https://www.chess.com"]
[Date "2024.01.02"]
[Round "3"]
[White "Novozhilov, Semen"]
[Black "Mamedyarov, Shakhriyar"]
[Result "0-1"]
[Board "10"]
[TimeControl "180+1"]
[WhiteFideId "24289167"]
[BlackFideId "13401319"]
[WhiteElo "2775"]
[BlackElo "3036"]
[WhiteTeam "RUS"]
[BlackTeam "AZE"]
[WhiteClock "0:00:36"]
[BlackClock "0:00:20"]

1. d4 Nf6 2. Nf3 g6 3. Nc3 d5 4. Bf4 Bg7 5. Nb5 Na6 6. e3 O-O 7. Be2 c6 8. Nc3 Nc7 9. Ne5 Nd7 10. h4 Ne6 11. h5 Nxe5 12. Bxe5 Bxe5 13. dxe5 d4 14. exd4 Qxd4 15. Qxd4 Nxd4 16. Bd3 Rd8 17. O-O-O Kg7 18. hxg6 hxg6 19. Ne4 Bf5 20. Ng5 Rh8 21. Bc4 f6 22. Rxh8 Rxh8 23. Rxd4 fxg5 24. g4 Bc8 25. a4 Rf8 26. e6 Rxf2 27. a5 Rf4 28. Rd8 Rxc4 29. Rxc8 Kf6 30. Rc7 Rb4 31. c3 Rb5 32. b4 c5 33. bxc5 Rxa5 34. Kd2 Rb5 35. Kd3 a5 36. Kc4 Rb1 37. Rc8 Kxe6 38. Ra8 Ke5 39. Rxa5 Kf4 40. Rb5 Rxb5 41. Kxb5 Ke4 42. c6 bxc6+ 43. Kxc6 e5 44. Kd6 Kf4 45. c4 e4 46. c5 e3 47. c6 e2 48. c7 e1=Q 49. c8=Q Qd1+ 50. Ke7 Qxg4 51. Qc1+ Ke4 52. Qe1+ Kf5 53. Qa5+ Kf4 54. Qd2+ Kg3 55. Qe1+ Kg2 56. Qd2+ Kh3 57. Qe3+ Qg3 58. Qe6+ g4 59. Qxg6 Qe5+ 60. Kf7 g3 61. Qh7+ Kg4 62. Qg6+ Kf4 63. Qh6+ Ke4 64. Qh1+ Kf4 65. Kg6 Qf5+ 66. Kg7 Qg5+ 67. Kf7 Qf5+ 68. Kg7 Qg4+ 69. Kf6 Qf3 70. Qc1+ Kg4+ 71. Kg6 Qf5+ 72. Kh6 Qf4+ 0-1

[Event "January 2 Early 2024"]
[Site "https://www.chess.com"]
[Date "2024.01.02"]
[Round "3"]
[White "Garcia Ramos, Daniel"]
[Black "Duda, Jan-Krzysztof"]
[Result "0-1"]
[Board "11"]
[TimeControl "180+1"]
[WhiteFideId "32010311"]
[BlackFideId "1170546"]
[WhiteElo "2771"]
[BlackElo "3036"]
[WhiteTeam "ESP"]
[BlackTeam "POL"]
[WhiteClock "0:00:00"]
[BlackClock "0:00:54"]

1. d4 e6 2. e4 c5 3. Nf3 cxd4 4. Nxd4 Nf6 5. Nc3 d6 6. Be2 a6 7. O-O b5 8. Bf3 Ra7 9. Be3 Rd7 10. Re1 Bb7 11. a4 b4 12. Nd5 exd5 13. exd5 Be7 14. Nc6 Qc7 15. c3 Nxc6 16. dxc6 Bxc6 17. cxb4 Bxf3 18. Qxf3 O-O 19. b5 axb5 20. axb5 Qb7 21. Qc6 Nd5 22. Ra7 Qxc6 23. bxc6 Rxa7 24. Bxa7 Rc8 25. Rc1 Bd8 26. Kf1 Nb4 27. Rc4 Nxc6 28. Be3 Ba5 29. Ke2 d5 30. Rc5 d4 31. Bf4 Bb4 32. Rc4 Kf8 33. g4 Ke7 34. g5 Ke6 35. b3 Kd5 36. Kf3 Ra8 37. h4 Ra3 0-1

[Event "January 2 Early 2024"]
[Site "https://www.chess.com"]
[Date "2024.01.02"]
[Round "3"]
[White "Sarana, Alexey"]
[Black "Munkhgal, Gombosuren"]
[Result "1-0"]
[Board "12"]
[TimeControl "180+1"]
[WhiteFideId "24133795"]
[BlackFideId "4901266"]
[WhiteElo "3036"]
[BlackElo "2767"]
[WhiteTeam "SRB"]
[BlackTeam "MGL"]
[WhiteClock "0:02:09"]
[BlackClock "0:00:44"]

1. d4 Nf6 2. c4 g6 3. Nc3 Bg7 4. e4 d6 5. Be2 O-O 6. Be3 e5 7. Nf3 exd4 8. Nxd4 Re8 9. f3 c6 10. Bf2 Nh5 11. Qd2 Nd7 12. O-O Nb6 13. Rad1 Qf6 14. Nb3 Nf4 15. Rfe1 Nxe2+ 16. Qxe2 Be6 17. Na5 Qe7 18. Kh1 h5 19. Qd3 Rad8 20. Bd4 Be5 21. b3 h4 22. h3 Rd7 23. Qe3 Red8 24. f4 Bf6 25. f5 gxf5 26. exf5 Bxf5 27. Qf4 Bxd4 28. Rxe7 Rxe7 29. Qxd4 Bg6 30. Qxh4 Rde8 31. Rxd6 Re3 32. Nd1 Re1+ 33. Kh2 Rf1 34. Nf2 Re2 35. Rd8+ Kg7 36. Qh8# 1-0

[Event "January 2 Early 2024"]
[Site "https://www.chess.com"]
[Date "2024.01.02"]
[Round "3"]
[White "Xiong, Jeffery"]
[Black "Bardyk, Artem"]
[Result "1-0"]
[Board "13"]
[TimeControl "180+1"]
[WhiteFideId "2047640"]
[BlackFideId "34349979"]
[WhiteElo "3027"]
[BlackElo "2760"]
[WhiteTeam "USA"]
[BlackTeam "RUS"]
[WhiteClock "0:01:37"]
[BlackClock "0:00:01"]

1. e4 e5 2. Nf3 Nc6 3. Nc3 Nf6 4. d4 exd4 5. Nxd4 Bb4 6. Nxc6 bxc6 7. Bd3 d5 8. exd5 cxd5 9. O-O O-O 10. h3 Be7 11. Qf3 Rb8 12. b3 Re8 13. Bf4 Bd6 14. Nb5 Bxf4 15. Qxf4 Rb7 16. Rfe1 Bd7 17. a4 h6 18. Rxe8+ Qxe8 19. Qd2 Qb8 20. Qa5 c6 21. Nd4 Qe5 22. Rd1 Qg5 23. Re1 g6 24. Nf3 Qf4 25. Qd8+ Kg7 26. Re7 Rb8 27. Qa5 Re8 28. Rxe8 Nxe8 29. Qxa7 Bxh3 30. Qd4+ Qxd4 31. Nxd4 Bd7 32. b4 c5 33. Bb5 Bxb5 34. Nxb5 cxb4 35. a5 Nf6 36. a6 Nd7 37. a7 Nb6 38. Nc7 d4 39. Nd5 d3 40. cxd3 b3 41. Kf1 b2 42. Nc3 Kf6 43. Ke2 Ke6 44. Kd2 Kd6 45. Kc2 Kc6 46. Kxb2 Kb7 47. Nb5 Kc6 48. Na3 Kb7 49. Nc4 Nxc4+ 50. dxc4 Kxa7 51. Kc3 h5 52. Kd4 h4 53. Ke5 g5 54. Kf5 h3 55. gxh3 1-0

[Event "January 2 Early 2024"]
[Site "https://www.chess.com"]
[Date "2024.01.02"]
[Round "3"]
[White "Svane, Frederik"]
[Black "Wagner, Dennis"]
[Result "1-0"]
[Board "14"]
[TimeControl "180+1"]
[WhiteFideId "12923044"]
[BlackFideId "24650684"]
[WhiteElo "3024"]
[BlackElo "2759"]
[WhiteTeam "GER"]
[BlackTeam "GER"]
[WhiteClock "0:00:10"]
[BlackClock "0:00:01"]

1. e4 e5 2. Nf3 Nc6 3. Bb5 a6 4. Ba4 Nf6 5. O-O Be7 6. d3 b5 7. Bb3 d6 8. a3 O-O 9. Nc3 Na5 10. Ba2 Be6 11. Bg5 h6 12. Bxf6 Bxf6 13. b4 Nb7 14. Bxe6 fxe6 15. a4 Qd7 16. axb5 axb5 17. Ne2 Ra4 18. c3 Rfa8 19. Rxa4 bxa4 20. Qc2 c5 21. Qa2 Kf7 22. Rb1 cxb4 23. cxb4 Qb5 24. Qc2 a3 25. Nc3 Qc6 26. Qb3 Rc8 27. Rc1 Qa6 28. Ra1 Qxd3 29. Rxa3 g5 30. h3 h5 31. Qa4 Rxc3 32. Qd7+ Kg6 33. Ra7 Rc1+ 34. Kh2 Qxe4 35. Rxb7 Qf4+ 36. g3 Rh1+ 37. Kxh1 Qxf3+ 38. Kg1 Qd1+ 39. Kh2 g4 40. Qh7+ Kg5 41. h4# 1-0

[Event "January 2 Early 2024"]
[Site "https://www.chess.com"]
[Date "2024.01.02"]
[Round "3"]
[White "Salem, A.R. Saleh"]
[Black "Liyanage, Ranindu Dilshan"]
[Result "1-0"]
[Board "15"]
[TimeControl "180+1"]
[WhiteFideId "9301348"]
[BlackFideId "9915834"]
[WhiteElo "3012"]
[BlackElo "2739"]
[WhiteTeam "UAE"]
[BlackTeam "SRI"]
[WhiteClock "0:01:06"]
[BlackClock "0:00:16"]

1. d4 d5 2. c4 e6 3. Nc3 Nf6 4. Nf3 Bb4 5. e3 O-O 6. Bd3 b6 7. O-O Bb7 8. cxd5 exd5 9. a3 Bd6 10. b4 a6 11. Qb3 Nbd7 12. a4 Qe7 13. Rb1 Rab8 14. b5 a5 15. Ra1 Rbd8 16. Ba3 Rfe8 17. Rfc1 Ne4 18. Bxd6 Qxd6 19. Rc2 Re6 20. Rac1 Rh6 21. Ne2 Rc8 22. Ng3 Rf6 23. Qb2 g6 24. Ne5 Re6 25. Nc6 h5 26. Nxe4 dxe4 27. Bc4 Rf6 28. Bb3 Rf5 29. Qc3 h4 30. h3 Rg5 31. Qc4 Rf8 32. Nxa5 Bc8 33. Qxc7 Qb4 34. Qf4 Rf5 35. Qh6 bxa5 36. Qxg6+ Kh8 37. Qxf5 Nc5 1-0

[Event "January 2 Early 2024"]
[Site "https://www.chess.com"]
[Date "2024.01.02"]
[Round "3"]
[White "Lewtak, Damian"]
[Black "Zemlyanskii, Ivan"]
[Result "0-1"]
[Board "16"]
[TimeControl "180+1"]
[WhiteFideId "1141724"]
[BlackFideId "24249971"]
[WhiteElo "2736"]
[BlackElo "3006"]
[WhiteTeam "POL"]
[BlackTeam "RUS"]
[WhiteClock "0:00:10"]
[BlackClock "0:00:19"]

1. e4 c5 2. Nf3 e6 3. d3 Nc6 4. Nbd2 d5 5. g3 Nf6 6. Bg2 g6 7. O-O Bg7 8. Re1 O-O 9. e5 Nd7 10. Nf1 Ndxe5 11. Nxe5 Nxe5 12. h4 Bd7 13. h5 Bc6 14. h6 Bh8 15. a4 d4 16. Bxc6 Nxc6 17. Nh2 e5 18. Qf3 Qd7 19. a5 f5 20. c3 Rae8 21. Qg2 dxc3 22. bxc3 Qxd3 23. Be3 e4 24. Red1 Qc4 25. Nf1 Ne5 26. Nd2 Qb5 27. c4 Qc6 28. Rab1 Nd3 29. Nb3 Rf7 30. a6 Qxa6 31. Nxc5 Nxc5 32. Bxc5 Qxc4 33. Rdc1 Qe6 34. Bxa7 f4 35. Rb6 Qd7 36. Rcb1 f3 37. Qf1 e3 38. Rxb7 e2 39. Qe1 Qxb7 40. Rxb7 Rxb7 41. Kh2 Rxa7 42. g4 Rf7 43. g5 Bc3 44. Qxc3 e1=Q 45. Qc5 Qf1 46. Qd5 Qg2# 0-1

[Event "January 2 Early 2024"]
[Site "https://www.chess.com"]
[Date "2024.01.02"]
[Round "3"]
[White "Svane, Rasmus"]
[Black "Ten Hertog, Hugo"]
[Result "1-0"]
[Board "17"]
[TimeControl "180+1"]
[WhiteFideId "4657101"]
[BlackFideId "1026356"]
[WhiteElo "2993"]
[BlackElo "2735"]
[WhiteTeam "GER"]
[BlackTeam "NED"]
[WhiteClock "0:00:56"]
[BlackClock "0:00:00"]

1. Nf3 g6 2. e4 Bg7 3. d4 d6 4. Bd3 Nc6 5. d5 Nb4 6. O-O Nf6 7. c4 O-O 8. Nc3 e6 9. dxe6 Bxe6 10. h3 Nd7 11. Bg5 Qc8 12. Re1 Nxd3 13. Qxd3 Nc5 14. Qe2 Re8 15. Rad1 f5 16. exf5 Bxf5 17. Qd2 Qd7 18. Nd4 Rxe1+ 19. Rxe1 Re8 20. Rxe8+ Qxe8 21. Nxf5 gxf5 22. Be3 Ne4 23. Qd5+ Qf7 24. Qxb7 Nxc3 25. bxc3 Qxc4 26. Qc8+ Kf7 27. Qxf5+ Kg8 28. Qc8+ Kf7 29. Qd7+ Kg6 30. Bxa7 Bxc3 31. a4 Be5 32. Be3 1-0

[Event "January 2 Early 2024"]
[Site "https://www.chess.com"]
[Date "2024.01.02"]
[Round "3"]
[White "Zheng, Richard"]
[Black "Pranesh M"]
[Result "0-1"]
[Board "18"]
[TimeControl "180+1"]
[WhiteFideId "2624893"]
[BlackFideId "35028600"]
[WhiteElo "2732"]
[BlackElo "2982"]
[WhiteTeam "CAN"]
[BlackTeam "IND"]
[WhiteClock "0:00:28"]
[BlackClock "0:00:09"]

1. d4 d5 2. c4 e6 3. Nc3 Nf6 4. cxd5 Nxd5 5. e4 Nxc3 6. bxc3 b6 7. Bd3 Bb7 8. Ne2 Nd7 9. O-O c5 10. Bf4 Be7 11. Rc1 Rc8 12. Qa4 Bc6 13. Bb5 Bxb5 14. Qxb5 O-O 15. Rfd1 Qe8 16. Qa6 Nf6 17. Qxa7 Nxe4 18. Qxb6 cxd4 19. Qxd4 Qc6 20. Ng3 Nxc3 21. Be5 Rfd8 22. Qg4 Rxd1+ 23. Rxd1 Bf8 24. Bxg7 f5 25. Qg5 Bxg7 26. Nh5 Qb7 27. Rd8+ Rxd8 28. Qxd8+ Kf7 29. h3 Be5 30. g3 Ne2+ 31. Kf1 Nd4 32. Qg5 Qb1+ 33. Kg2 Qe4+ 34. Kf1 Qh1# 0-1

[Event "January 2 Early 2024"]
[Site "https://www.chess.com"]
[Date "2024.01.02"]
[Round "3"]
[White "Vokhidov, Shamsiddin"]
[Black "Arabidze, Meri"]
[Result "1-0"]
[Board "19"]
[TimeControl "180+1"]
[WhiteFideId "14204223"]
[BlackFideId "13604040"]
[WhiteElo "2978"]
[BlackElo "2726"]
[WhiteTeam "UZB"]
[BlackTeam "GEO"]
[WhiteClock "0:01:13"]
[BlackClock "0:00:00"]

1. d4 Nf6 2. c4 e6 3. Nf3 Bb4+ 4. Bd2 Qe7 5. g3 Bxd2+ 6. Qxd2 Nc6 7. Nc3 d5 8. Bg2 dxc4 9. O-O O-O 10. Ne5 Nxe5 11. dxe5 Nd7 12. Qd4 Qc5 13. Qxc5 Nxc5 14. Nb5 Bd7 15. Na3 c3 16. bxc3 Rad8 17. Rfd1 Ba4 18. Rd4 b6 19. f4 g6 20. Kf2 Rd7 21. Ke3 Rfd8 22. Rb1 a5 23. g4 Kf8 24. h4 Ke7 25. Bf3 Rxd4 26. cxd4 Na6 27. Rc1 Nb4 28. Rxc7+ Rd7 29. Rc8 Nxa2 30. f5 Rd8 31. Rc7+ Rd7 32. Rc4 Nb4 33. Rc8 Rd8 34. Rc7+ Rd7 35. Rc1 gxf5 36. gxf5 exf5 37. Rc4 Bd1 38. Nb5 Bb3 39. Rc8 Bd5 40. Nc7 Rxc7 41. Rxc7+ Kd8 42. Ra7 Ke8 43. Kf4 Kf8 44. Kxf5 Kg7 45. Bxd5 Nxd5 46. e6 1-0

[Event "January 2 Early 2024"]
[Site "https://www.chess.com"]
[Date "2024.01.02"]
[Round "3"]
[White "Alekseenko, Kirill"]
[Black "Vaibhav Jayant Raut"]
[Result "0-1"]
[Board "20"]
[TimeControl "180+1"]
[WhiteFideId "4135539"]
[BlackFideId "5089034"]
[WhiteElo "2961"]
[BlackElo "2726"]
[WhiteTeam "AUT"]
[BlackTeam "IND"]
[WhiteClock "0:00:04"]
[BlackClock "0:00:04"]

1. e4 e5 2. Nf3 Nc6 3. Bc4 Bc5 4. d3 Nf6 5. Nc3 h6 6. h3 d6 7. a4 a6 8. Be3 Bxe3 9. fxe3 Be6 10. Nd2 O-O 11. O-O d5 12. exd5 Nxd5 13. Qf3 Ncb4 14. Nxd5 Bxd5 15. Bxd5 Qxd5 16. Qxd5 Nxd5 17. Nc4 f6 18. a5 Nb4 19. Rf2 Kf7 20. Ra4 Nc6 21. c3 Rad8 22. d4 exd4 23. exd4 Rfe8 24. Ra1 Rd5 25. b4 Na7 26. Nb2 Re3 27. Na4 Rg5 28. Raf1 Rxh3 29. Rf3 Rxf3 30. Rxf3 Nb5 31. Nc5 Nd6 32. Re3 Rg4 33. Kh2 h5 34. b5 Nxb5 35. Nxb7 Nd6 36. Nd8+ Kg6 37. Ne6 Nc4 38. Re2 Nxa5 39. Nxc7 Nc4 40. Nxa6 h4 41. Nc5 Rg3 42. Ne4 Rd3 43. Ra2 Ne3 44. Kg1 Nd5 45. Rc2 Re3 46. Nf2 Rxc3 47. Rd2 Rc1+ 48. Kh2 Ne3 49. Re2 Nf1+ 50. Kh3 Ng3 51. Rb2 Nf5 52. d5 Rc5 53. Rd2 Nd6 54. Nd3 Rc3 55. Kxh4 Kf5 56. g4+ Ke4 57. Nf2+ Kf3 58. Ra2 Rc4 59. Kh5 Rd4 60. Kg6 Rxd5 61. Kxg7 f5 62. g5 f4 63. g6 Nf5+ 64. Kf6 Nh6 65. g7 Rd6+ 66. Ke7 Nf5+ 67. Kf7 Rd7+ 68. Kf6 Nxg7 69. Nh3 Nh5+ 70. Kf5 Kg3 71. Ng5 Rd5+ 72. Kg6 f3 73. Ra3 Nf4+ 74. Kf6 Nd3 75. Ne4+ Kf4 76. Ke6 Re5+ 77. Kd6 Kxe4 78. Ra4+ Ke3 79. Ra1 f2 80. Rh1 Re4 81. Kd5 Rf4 82. Rh3+ Ke2 0-1

[Event "January 2 Early 2024"]
[Site "https://www.chess.com"]
[Date "2024.01.02"]
[Round "3"]
[White "Fier, Alexandr"]
[Black "Rasulov, Vugar"]
[Result "0-1"]
[Board "21"]
[TimeControl "180+1"]
[WhiteFideId "2107139"]
[BlackFideId "13402390"]
[WhiteElo "2725"]
[BlackElo "2959"]
[WhiteTeam "BRA"]
[BlackTeam "AZE"]
[WhiteClock "0:02:18"]
[BlackClock "0:01:32"]

1. Nf3 Nf6 2. b3 b6 3. Bb2 Bb7 4. g3 Bxf3 5. exf3 e6 6. Bg2 d5 7. O-O Be7 8. d3 O-O 9. f4 Nbd7 10. Nd2 a5 11. Re1 a4 12. Nf3 Bc5 13. h4 Ng4 14. Re2 Ndf6 15. Qd2 axb3 16. axb3 Rxa1+ 17. Bxa1 Qa8 18. Bd4 Bxd4 19. Nxd4 Qa1+ 20. Re1 Qxd4 21. c3 Qc5 22. d4 Qd6 23. f3 Nh6 24. g4 Nfxg4 25. fxg4 Nxg4 26. Bf3 Nh6 27. Ra1 Nf5 28. h5 c5 29. dxc5 Qxc5+ 30. Kh2 h6 31. Ra7 d4 32. cxd4 Nxd4 33. Bd1 Rd8 34. Kh3 Qd5 35. Qg2 Qf5+ 36. Bg4 Qxf4 37. Rb7 Nf5 38. Qf3 Qxf3+ 39. Bxf3 Rd3 40. Kg4 Rd4+ 41. Kh3 Rh4+ 42. Kg2 Rb4 43. Bd1 Ne3+ 0-1

[Event "January 2 Early 2024"]
[Site "https://www.chess.com"]
[Date "2024.01.02"]
[Round "3"]
[White "Drygalov, Andrey"]
[Black "Poormosavi, Seyed Kian"]
[Result "0-1"]
[Board "22"]
[TimeControl "180+1"]
[WhiteFideId "24171735"]
[BlackFideId "12585807"]
[WhiteElo "2958"]
[BlackElo "2724"]
[WhiteTeam "RUS"]
[BlackTeam "IRI"]
[WhiteClock "0:00:00"]
[BlackClock "0:00:13"]

1. e4 c6 2. Nf3 d5 3. d3 g6 4. e5 Bg7 5. d4 c5 6. dxc5 Nc6 7. c3 Bg4 8. Bb5 Bxf3 9. Qxf3 Bxe5 10. O-O e6 11. Re1 Bg7 12. c4 Ne7 13. Nc3 O-O 14. cxd5 Nd4 15. Qd3 Nxd5 16. Ba4 Nxc3 17. bxc3 Nc6 18. Qc4 Rc8 19. Be3 Qa5 20. Rac1 Rfd8 21. f4 Ne7 22. Qb4 Qc7 23. Bb3 Nd5 24. Bxd5 Rxd5 25. h3 Bf8 26. Rb1 b6 27. cxb6 axb6 28. Qxb6 Qxc3 29. Rbc1 Qxc1 30. Rxc1 Rxc1+ 31. Kh2 Rc2 32. a4 Ra2 33. Qc6 Rd3 34. Bb6 Bd6 35. Qe4 Rda3 36. a5 Ra4 37. Qa8+ Kg7 38. Be3 Rxa5 39. Qc6 Ra6 40. Qc3+ f6 41. Qb3 g5 42. Qb7+ Kg6 43. Qe4+ Kh6 44. h4 gxh4 45. Kh3 R2a3 46. Kxh4 Be7 47. f5+ Kg7 48. Qg4+ Kh8 49. Qd4 R3a4 0-1

[Event "January 2 Early 2024"]
[Site "https://www.chess.com"]
[Date "2024.01.02"]
[Round "3"]
[White "Dyachuk, Artem"]
[Black "Drygalov, Sergey"]
[Result "0-1"]
[Board "23"]
[TimeControl "180+1"]
[WhiteFideId "34107924"]
[BlackFideId "24171743"]
[WhiteElo "2712"]
[BlackElo "2947"]
[WhiteTeam "UKR"]
[BlackTeam "RUS"]
[WhiteClock "0:00:01"]
[BlackClock "0:01:33"]

1. e4 c5 2. Nf3 d6 3. d4 cxd4 4. Nxd4 Nf6 5. Nc3 a6 6. h3 e5 7. Nb3 Be7 8. g4 h6 9. Be3 Nbd7 10. Qd2 b5 11. Bg2 Bb7 12. Nd5 Bxd5 13. exd5 a5 14. a4 b4 15. O-O O-O 16. f4 Qc7 17. g5 hxg5 18. fxg5 Nh5 19. Qf2 g6 20. Rae1 Qc4 21. Nd2 Qxc2 22. Rc1 Qxa4 23. Rc6 Ng7 24. Be4 Qb5 25. Rfc1 a4 26. Nb1 a3 27. bxa3 bxa3 28. Nc3 Qa5 29. Ra1 Nh5 30. Bc1 Nf4 31. Kf1 Qb4 32. Qa2 Nc5 33. Bxa3 Qxc3 34. Rxc5 0-1

[Event "January 2 Early 2024"]
[Site "https://www.chess.com"]
[Date "2024.01.02"]
[Round "3"]
[White "Santos Latasa, Jaime"]
[Black "Tasev, Dejan"]
[Result "1-0"]
[Board "24"]
[TimeControl "180+1"]
[WhiteFideId "2293307"]
[BlackFideId "936618"]
[WhiteElo "2942"]
[BlackElo "2706"]
[WhiteTeam "ESP"]
[BlackTeam "SRB"]
[WhiteClock "0:01:16"]
[BlackClock "0:00:14"]

1. Nf3 Nf6 2. b3 g6 3. Bb2 Bg7 4. c4 O-O 5. g3 b6 6. Bg2 Bb7 7. O-O e6 8. Nc3 d5 9. cxd5 exd5 10. e3 c6 11. Rc1 Nbd7 12. Re1 Re8 13. Ne2 Nc5 14. Nf4 Rc8 15. Bh3 Rc7 16. d3 Bc8 17. Be5 Rce7 18. Bxc8 Qxc8 19. Bd6 Rb7 20. Bxc5 bxc5 21. Rxc5 Nd7 22. Rc2 Rc7 23. d4 Qa6 24. Qe2 Qb6 25. Rec1 Rec8 26. h4 h5 27. Qd3 Nf6 28. Ng5 a5 29. Kg2 Qb4 30. Qc3 Qb7 31. Qxa5 Bf8 32. Qd2 c5 33. dxc5 d4+ 34. Kg1 dxe3 35. Qxe3 Ng4 36. Qf3 Qxf3 37. Nxf3 Bxc5 38. Kg2 Bd6 39. Rxc7 Rxc7 40. Rxc7 Bxc7 41. Nd5 Bb8 42. Nd4 Ba7 43. Ne7+ Kf8 44. Nec6 Bb6 45. a4 Ke8 46. a5 Bxd4 47. Nxd4 Kd7 48. b4 Kc7 49. Kf3 Ne5+ 50. Ke4 Nc4 51. Nf3 f6 52. Kd5 Nb2 53. Kd4 Kc6 54. Nd2 Kb5 55. Ne4 f5 56. Nd6+ Kc6 57. Nc4 Kb5 58. Nxb2 1-0

[Event "January 2 Early 2024"]
[Site "https://www.chess.com"]
[Date "2024.01.02"]
[Round "3"]
[White "Tarhan, Adar"]
[Black "Makhnev, Denis"]
[Result "1-0"]
[Board "25"]
[TimeControl "180+1"]
[WhiteFideId "34544712"]
[BlackFideId "13707647"]
[WhiteElo "2705"]
[BlackElo "2937"]
[WhiteTeam "TUR"]
[BlackTeam "KAZ"]
[WhiteClock "0:01:57"]
[BlackClock "0:00:00"]

1. e4 e5 2. Nf3 Nc6 3. Bb5 a6 4. Ba4 Bc5 5. c3 Nge7 6. d4 exd4 7. cxd4 Bb4+ 8. Bd2 Bxd2+ 9. Qxd2 d5 10. exd5 Qxd5 11. O-O O-O 12. Nc3 Qd6 13. Rfe1 Ng6 14. Ne4 Qd5 15. Bb3 Qd8 16. d5 Na7 17. d6 Bg4 18. Nfg5 Nc6 19. Nxf7 Rxf7 20. Bxf7+ Kh8 21. Bxg6 hxg6 22. Qf4 Bf5 23. Ng5 Kg8 24. Qc4+ 1-0

[Event "January 2 Early 2024"]
[Site "https://www.chess.com"]
[Date "2024.01.02"]
[Round "3"]
[White "Aravindh, Chithambaram VR."]
[Black "Nazari, Arad"]
[Result "0-1"]
[Board "26"]
[TimeControl "180+1"]
[WhiteFideId "5072786"]
[BlackFideId "12577324"]
[WhiteElo "2937"]
[BlackElo "2692"]
[WhiteTeam "IND"]
[BlackTeam "IRI"]
[WhiteClock "0:00:00"]
[BlackClock "0:00:14"]

1. g3 e5 2. Bg2 g6 3. d4 exd4 4. Qxd4 Nf6 5. Bg5 Bg7 6. Qe3+ Qe7 7. Qxe7+ Kxe7 8. Nc3 c6 9. e4 h6 10. Bd2 d6 11. f4 Rd8 12. Nf3 Nbd7 13. O-O-O Nc5 14. Rhe1 Kf8 15. h3 Re8 16. e5 dxe5 17. Nxe5 Be6 18. Be3 Ncd7 19. Nxd7+ Nxd7 20. g4 Nb6 21. Bc5+ Kg8 22. Bd4 Rad8 23. Bxg7 Kxg7 24. b3 Rxd1+ 25. Nxd1 Bd7 26. Rxe8 Bxe8 27. c4 f6 28. Ne3 Nd7 29. Kd2 Bf7 30. Kc3 Kf8 31. b4 Ke7 32. a4 Kd6 33. a5 b6 34. a6 Nb8 35. Bf1 Be8 36. h4 Bd7 37. Bd3 g5 38. fxg5 fxg5 0-1

[Event "January 2 Early 2024"]
[Site "https://www.chess.com"]
[Date "2024.01.02"]
[Round "3"]
[White "Agibileg, Uurtsaikh"]
[Black "Kovalev, Vladislav"]
[Result "0-1"]
[Board "27"]
[TimeControl "180+1"]
[WhiteFideId "4901606"]
[BlackFideId "13504398"]
[WhiteElo "2687"]
[BlackElo "2932"]
[WhiteTeam "MGL"]
[BlackTeam "FID"]
[WhiteClock "0:00:07"]
[BlackClock "0:00:04"]

1. d4 Nf6 2. c4 e6 3. Nc3 Bb4 4. f3 c5 5. d5 b5 6. e4 bxc4 7. Bxc4 Nxd5 8. Bxd5 exd5 9. Qxd5 Nc6 10. Ne2 O-O 11. O-O Qb6 12. Rd1 Bb7 13. Bf4 Nd4 14. Qxd7 Bxc3 15. Nxc3 Qxb2 16. Bd2 Rfd8 17. Qg4 Bc8 18. Qg5 Be6 19. Rab1 Qc2 20. Rbc1 Qb2 21. Rb1 Qc2 22. Rbc1 Qd3 23. Bf4 Qa6 24. Be5 f6 25. Bxf6 Rd7 26. Be5 Rf8 27. f4 h6 28. Qg3 Qc4 29. Kh1 Rdf7 30. f5 Bxf5 31. exf5 Nxf5 32. Qd3 Qe6 33. Bf4 Qg6 34. h3 Qh5 35. g4 Qh4 36. gxf5 Qxf4 37. Nd5 Qh4 38. Rg1 Rxf5 39. Rg2 Rf3 40. Qe4 Rxh3+ 41. Rh2 Rxh2+ 42. Kg1 Qf2# 0-1

[Event "January 2 Early 2024"]
[Site "https://www.chess.com"]
[Date "2024.01.02"]
[Round "3"]
[White "Donchenko, Alexander"]
[Black "Rozman, Levy"]
[Result "1-0"]
[Board "28"]
[TimeControl "180+1"]
[WhiteFideId "24603295"]
[BlackFideId "2039877"]
[WhiteElo "2922"]
[BlackElo "2686"]
[WhiteTeam "GER"]
[BlackTeam "USA"]
[WhiteClock "0:00:10"]
[BlackClock "0:00:00"]

1. Nf3 g6 2. g3 Bg7 3. d4 d6 4. Bg2 Nc6 5. O-O Bd7 6. e4 Qc8 7. Re1 Bh3 8. e5 h5 9. Bg5 Bg4 10. exd6 cxd6 11. c3 Qf5 12. Nbd2 h4 13. Qb1 hxg3 14. hxg3 Qd7 15. Nh4 Bf6 16. Ne4 Bxg5 17. Nxg5 Nh6 18. b4 Nf5 19. b5 Nd8 20. Nxf5 Bxf5 21. Qb3 Rh5 22. Ne4 Kf8 23. Re3 Bxe4 24. Rxe4 Qxb5 25. Qc2 Rc8 26. Rae1 e6 27. Rf4 Kg7 28. a4 Qc4 29. Re3 Nc6 30. Qd1 d5 31. Bf1 Rch8 32. Qxh5 Qxf1+ 33. Kxf1 Rxh5 34. Rh4 Rf5 35. Kg2 Na5 36. Re1 b6 37. Reh1 e5 38. Rh8 exd4 39. cxd4 Kf6 40. Ra8 Nc6 41. Rc1 Nxd4 42. Rxa7 Ne2 43. Rc2 Nd4 44. Rb2 Ke5 45. Rxb6 Ke4 46. a5 Nf3 47. a6 Ne1+ 48. Kf1 Nd3 49. Re7+ Kd4 50. Re2 Kc5 51. a7 1-0

[Event "January 2 Early 2024"]
[Site "https://www.chess.com"]
[Date "2024.01.02"]
[Round "3"]
[White "Aldokhin, Ivan"]
[Black "Corrales Jimenez, Fidel"]
[Result "0-1"]
[Board "29"]
[TimeControl "180+1"]
[WhiteFideId "24115720"]
[BlackFideId "3506690"]
[WhiteElo "2682"]
[BlackElo "2920"]
[WhiteTeam "RUS"]
[BlackTeam "USA"]
[WhiteClock "0:00:03"]
[BlackClock "0:01:32"]

1. e4 c5 2. Nf3 d6 3. d4 cxd4 4. Nxd4 Nf6 5. Nc3 a6 6. Bc4 e6 7. Bb3 Nbd7 8. Be3 Nc5 9. f3 Qc7 10. Qd2 b5 11. g4 b4 12. Nce2 a5 13. g5 Nfd7 14. Nb5 Qb8 15. c4 a4 16. Bc2 Ne5 17. Ned4 Nxc4 18. Qe2 Nxe3 19. Qxe3 e5 20. Nf5 Qxb5 21. Rd1 b3 22. axb3 axb3 23. Bb1 Ra1 24. Kf2 Rxb1 25. Rxb1 g6 26. Ng3 Be7 27. h4 Ne6 28. h5 d5 29. exd5 Bc5 30. Ne4 Bxe3+ 31. Kxe3 Qb6+ 32. Ke2 Nf4+ 33. Kd2 Qd4+ 34. Ke1 Qe3+ 35. Kf1 Qe2+ 36. Kg1 Qg2# 0-1

[Event "January 2 Early 2024"]
[Site "https://www.chess.com"]
[Date "2024.01.02"]
[Round "3"]
[White "Han, Yichen"]
[Black "Klimkowski, Jan"]
[Result "1/2-1/2"]
[Board "30"]
[TimeControl "180+1"]
[WhiteFideId "1054430"]
[BlackFideId "21856222"]
[WhiteElo "2680"]
[BlackElo "2916"]
[WhiteTeam "NED"]
[BlackTeam "POL"]
[WhiteClock "0:01:39"]
[BlackClock "0:00:19"]

1. d4 Nf6 2. Nf3 e6 3. c4 d5 4. Bg5 dxc4 5. e3 Bb4+ 6. Nc3 c5 7. Bxc4 O-O 8. O-O cxd4 9. exd4 Bd6 10. d5 exd5 11. Nxd5 Nbd7 12. Qd4 h6 13. Bh4 Be7 14. Nxe7+ Qxe7 15. Rfe1 Qd8 16. Rf1 Qe7 17. Rfe1 Qd8 18. Rf1 Qe7 1/2-1/2

[Event "January 2 Early 2024"]
[Site "https://www.chess.com"]
[Date "2024.01.02"]
[Round "3"]
[White "Ibarra Jerez, Jose Carlos"]
[Black "Csonka, Balazs"]
[Result "1-0"]
[Board "31"]
[TimeControl "180+1"]
[WhiteFideId "2226332"]
[BlackFideId "742910"]
[WhiteElo "2913"]
[BlackElo "2678"]
[WhiteTeam "ESP"]
[BlackTeam "HUN"]
[WhiteClock "0:00:08"]
[BlackClock "0:00:01"]

1. e4 d6 2. d4 Nf6 3. Nc3 e5 4. Nf3 Nbd7 5. Bc4 Be7 6. a4 O-O 7. O-O c6 8. Re1 a5 9. h3 h6 10. Be3 exd4 11. Bxd4 Nc5 12. Bxc5 dxc5 13. Qe2 Nh7 14. Rad1 Qc7 15. e5 Ng5 16. Nxg5 Bxg5 17. Qf3 Qe7 18. Ne4 Qxe5 19. Nd6 Qf4 20. Qxf4 Bxf4 21. Nxf7 Kh7 22. g3 Bb8 23. Re7 b5 24. axb5 cxb5 25. Bxb5 Bxh3 26. Bd3+ Kg8 27. Bc4 Kh7 28. Rde1 Bf5 29. c3 Bg6 30. Ne5 Bxe5 31. R1xe5 Rab8 32. Re2 Rfe8 33. Rxe8 Rxe8 34. Rd2 Re1+ 35. Kg2 Bf5 36. f3 Kg6 37. g4 Bc8 38. Kg3 Rc1 39. Rd6+ Kh7 40. Bd3+ g6 41. Rxg6 Kh8 42. Rxh6+ Kg7 43. Rc6 Bd7 44. Rc7 1-0